 Dungeon Crawl Stone Soup version 0.30-a0-939-gc8157cb160 (webtiles) character file.

Game seed: 783812539920476178

153 shadizar the Trooper (level 5, 0/34 HPs)
             Began as a Gargoyle Fighter on Mar 25, 2023.
             Slain by Terence
             ... wielding a +0 flail
              (4 damage)
             ... on level 3 of the Dungeon.
             The game lasted 00:02:15 (2109 turns).

shadizar the Trooper (Gargoyle Fighter)             Turns: 2109, Time: 00:02:16

Health: 0/34       AC: 12    Str: 22    XL:     5   Next: 35%
Magic:  5/5        EV: 10    Int:  8    God:
Gold:   127        SH:  0    Dex:  9    Spells: 4/4 levels left

rFire   . . .      SeeInvis .    a - +0 war axe
rCold   . . .      Faith    .    (no shield)
rNeg    + . .      Spirit   .    b - +0 scale mail
rPois   ∞          Reflect  .    m - +0 helmet
rElec   +          Rampage  .    (no cloak)
rCorr   .                        (no gloves)
Will    .....                    (no boots) Stlth
                                 o - amulet of the acrobat
HPRegen 0.25/turn                (no ring)
MPRegen 0.09/turn                (no ring)

@: no status effects
A: sickness immunity, AC +4, negative energy resistance 1, electricity
resistance, torment resistance 1, petrification resistance
a: no special abilities


You were on level 3 of the Dungeon.
You visited 1 branch of the dungeon, and saw 3 of its levels.

You collected 127 gold pieces.

Inventory:

Hand Weapons
 a - a +0 war axe (weapon)
Armour
 b - a +0 scale mail (worn)
 m - a +0 helmet (worn)
Jewellery
 o - an amulet of the acrobat (around neck)
Wands
 v - a wand of paralysis (11)
Scrolls
 e - a scroll of enchant armour {unknown}
 f - 3 scrolls of identify {unknown}
 g - a scroll of summoning {unknown}
 h - a scroll of teleportation {unknown}
 k - a scroll of immolation {unknown}
 l - a scroll of magic mapping {unknown}
 n - a scroll of noise {unknown}
 p - a scroll of silence {unknown}
Potions
 c - a potion of berserk rage {unknown}
 i - a potion of mutation {unknown}
 j - a potion of flight {unknown}
 q - a potion of lignification {unknown}
 r - a potion of brilliance {unknown}
 s - 2 potions of heal wounds {unknown}
 t - 2 potions of cancellation {unknown}
 u - a potion of haste {unknown}
 w - a potion of degeneration {unknown}


   Skills:
 * Level 4.6 Fighting
 + Level 2.4 Axes
 + Level 3.9 Armour
 + Level 1.4 Dodging
 + Level 4.0 Shields


You had 4 spell levels left.
You didn't know any spells.
Your spell library contained the following spells:

 Spells                   Type           Power      Damage    Failure   Level
 Dazzling Flash           Conj/Hex       0%         N/A       97%         3
 Iskenderun's Mystic Bla  Conj/Tloc      0%         2d3       100%        4
 Starburst                Conj/Fire      0%         6d3       100%        6


Dungeon Overview and Level Annotations

Branches:
Dungeon (3/15)

Altars:

Annotations:
D:3 Terence


Innate Abilities, Weirdness & Mutations

You are immune to sickness and miasma.
Your stone body is resilient. (AC +4)
You are immune to poison.
You resist negative energy. (rN+)
You are resistant to electric shocks. (rElec)
You are resistant to unholy torment.
You are immune to petrification.


Message History

Jessica blinks!
Terence hits you with a +0 flail!
Jessica casts a spell.
Jessica seems to speed up.
You are too injured to fight recklessly!
You barely miss Terence.
Terence is almost dead.
Terence hits you with a +0 flail.
Jessica mumbles some strange words.
Jessica blinks!
You closely miss Terence.
Terence is almost dead.
Jessica mumbles some strange words.
Jessica blinks!
Terence closely misses you.
You barely miss Terence.
Terence is almost dead.
Terence closely misses you. x2
You hit Terence but do no damage.
Terence is almost dead.
Terence hits you but does no damage.
You barely miss Terence.
Terence is almost dead.
Jessica points at you and mumbles some strange words.
You barely resist. Terence hits you but does no damage.
You barely miss Terence.
Terence is almost dead.
Terence hits you with a +0 flail!
* * * LOW HITPOINT WARNING * * *
Terence closely misses you.
You barely miss Terence.
Terence is almost dead.
Terence hits you with a +0 flail.
* * * LOW HITPOINT WARNING * * *
Jessica closely misses you.
Okay, then.
You closely miss Terence.
Terence is almost dead.
You slash Jessica!
You kill Jessica!
Terence hits you with a +0 flail.
You die...

#...# #...#
#...######
#.........
#.........
#.........
#.@.......
+.@)# #...#
##..### #....#
##.#.###
#.#...# #####
#.###.###
....#
######....>...
....#
#......#######


You could see Terence.

Vanquished Creatures
  A black bear (D:3)
  Jessica (D:3)
  An adder (D:2)
  3 dart slugs
  An orc (D:2)
  3 endoplasms
  A giant cockroach (D:2)
  7 goblins
  4 hobgoblins
  3 jackals (D:1)
  A kobold (D:1)
  A quokka (D:1)
  9 ball pythons
  4 bats
  4 frilled lizards
  5 rats
49 creatures vanquished.

Notes
Turn   | Place    | Note
-------+----------+-------------------------------------------
     0 | D:1      | shadizar the Gargoyle Fighter began the quest for the Orb.
     0 | D:1      | Reached XP level 1. HP: 14/14 MP: 1/1
   226 | D:1      | Reached XP level 2. HP: 19/19 MP: 2/2
   651 | D:1      | Reached XP level 3. HP: 20/24 MP: 3/3
  1281 | D:2      | Reached skill level 1 in Dodging
  1496 | D:2      | Reached XP level 4. HP: 29/29 MP: 4/4
  1955 | D:3      | Noticed a black bear
  1965 | D:3      | Killed a black bear
  1966 | D:3      | Reached XP level 5. HP: 7/34 MP: 5/5
  2093 | D:3      | Noticed Terence
  2093 | D:3      | Noticed Jessica
  2109 | D:3      | Killed Jessica
  2109 | D:3      | Slain by Terence

Illustrated notes

Levels and vault maps discovered:
D:1:      dpeg_arrival_renting, layout_basic
D:2:      layout_loops_ring, grunt_ministairs_9
D:3:      layout_basic, minmay_strange_pillars, uniq_terence, uniq_grinder,
          uniq_jessica

Skill      XL: |  1  2  3  4 |
---------------+-------------+-----
Axes           | 2 |  2.4
Dodging        | 1 |  1.4
Fighting       | 4 |  4.6
Shields        | 4 |  4.0
Armour         | |  3.9

Action                     |  1- 3 |  4- 6 || total
---------------------------+-------+-------++-------
  Melee: War axe           |    94 |    37 ||   131
    Use: Potion            |       |     1 ||     1
 Armour: Scale mail        |    51 |    18 ||    69
  Dodge: Dodged            |    41 |    32 ||    73
  Block: Buckler           |    25 |     1 ||    26

Table legend: (Time is in decaauts)
 A = Elapsed time spent in this place.
 B = Non-inter-level travel time spent in this place.
 C = Inter-level travel time spent in this place.
 D = Time resting spent in this place.
 E = Time spent auto-exploring this place.
 F = Levels seen in this place.
 G = Mean time per level.
                   A        B        C        D        E       F      G
               +--------+--------+--------+--------+--------+-----+--------+
         Total |   2164 |   2083 |     81 |    100 |   1570 |   3 |  721.3 |
       Dungeon |   2164 |   2083 |     81 |    100 |   1570 |   3 |  721.3 |
               +--------+--------+--------+--------+--------+-----+--------+

Top non-repeatable levels by time:
     D:1: 1166 daAuts
     D:2: 783 daAuts
     D:3: 214 daAuts
